 Dungeon Crawl Stone Soup version 0.31-a0-986-g5e6e4ef867 (webtiles) character file.

Game seed: 12023417952124207156

143 ytrimaz the Sneak (level 5, -1/33 HPs)
             Began as an Octopode Shapeshifter on Nov 3, 2023.
             Succumbed to a scorpion's poison
             ... on level 2 of the Dungeon.
             The game lasted 00:02:42 (2088 turns).

ytrimaz the Sneak (Octopode Shapeshifter)           Turns: 2088, Time: 00:02:42

Health: -1/33      AC:  1    Str: 13    XL:     5   Next: 25%
Magic:  5/5        EV: 13    Int: 12    God:
Gold:   58         SH:  0    Dex: 20    Spells: 4/4 levels left

rFire   . .          .
                       - Unarmed
rCold   . . .        (no shield)
rNeg    . . .        (helmet currently unavailable)
rPois   .            (no amulet)
rElec   .            f - +6 ring of dexterity
rCorr   .            (no ring)
SInv    .            (no ring)
Will    .....        (no ring)
Stlth   +++++        (no ring)
HPRegen 0.25/turn    (no ring)
MPRegen 0.09/turn    (no ring)
                     (no ring)

%: no passive effects
@: brilliant, lethally poisoned (-1 -> -15), beast-form
A: beast (slay +1), almost no armour, amphibious, 8 rings, camouflage 1,
gelatinous body 1, (nimble swimmer 1), tentacles
a: Begin Untransformation


You were on level 2 of the Dungeon.
You were a hulking beast.
You visited 1 branch of the dungeon, and saw 2 of its levels.

You collected 58 gold pieces.


Innate Abilities, Weirdness & Mutations

You are a hulking beast.
Your limbs bulge with bestial killing power. (Slay +1)
You cannot wear most types of armour.
You are amphibious.
You can wear up to eight rings at the same time.
Your skin changes colour to match your surroundings (Stealth+).
Your rubbery body absorbs attacks. (AC +1, EV +1)
((You are camouflaged when in or above water. (Stealth+)))
You have tentacles for arms and can constrict up to eight enemies at once.


   Skills:
 - Level 1.0 Fighting
 - Level 2.0 Dodging
 * Level 6.9 Stealth
 - Level 3.0 Unarmed Combat
 - Level 3.0 Shapeshifting


You had 4 spell levels left.
You didn't know any spells.
Your spell library contained the following spells:

 Spells                   Type           Power      Damage    Failure   Level
 Stone Arrow              Conj/Erth      0%         3d7       69%         3
 Lehudib's Crystal Spear  Conj/Erth      0%         10d2      100%        8
 Animate Armour           Summ/Erth      Unusable   N/A       N/A         4

Inventory:

Jewellery
 f - a +6 ring of dexterity (left tentacle)
   (You found it on level 1 of the Dungeon)
Talismans
 b - a beast talisman
 c - a flux talisman
Scrolls
 d - a scroll of enchant armour {unknown}
 i - a scroll of immolation {unknown}
 j - 3 scrolls of identify {unknown}
Potions
 a - a potion of lignification
 g - a potion of resistance {unknown}
 h - a potion of degeneration {unknown}

Dungeon Overview and Level Annotations

Branches:
Dungeon (2/15) Zot: 9919

Altars:

#..#.......#
#.##..#...#.>.#
##.#.....#.#...#
......#.#.#...##
###.#####.#.#....#
#...........#..#.#
#.......#.####.#.#
#.s.....#........##
#..h...#######....#
#.....†.#......[#####.#
###############.# #.#
#.# #.# #.#####.#
#.......# #######.# ###


You could see a scorpion.


Message History

The worm bites you. 😕 HP[-6]
You take 6 damage, and now have 27/33 hp.
You tentacle-slap the worm. You constrict the worm.
The worm closely misses you. 😕 HP[+1]
You tentacle-slap the worm. You constrict the worm.
You kill the worm!
You miss the kobold. You grab the kobold. You tentacle-slap the kobold.
You kill the kobold!
Unknown command.
No target in view!
You see here a +0 whip.
No target in view!
A quokka is nearby! 😕 HP[+1] Unknown command. 😕 HP[+1]
You catch the helpless quokka completely off-guard!
You tentacle-slap the quokka. You grab the quokka.
You constrict the quokka, but do no damage.
The quokka bites you. 😕 HP[-4]
You take 4 damage, and now have 26/33 hp.
You tentacle-slap the quokka.
You kill the quokka!
No target in view!
j - 3 scrolls labelled ONEDGH RUAN (gained 1) Key pressed, stopping explore.
You open the door.
There is an open door here.
Key pressed, stopping explore.
Key pressed, stopping explore.
No target in view! 😎 HP[+7]
Your hp is fully restored (33).
Found a stone staircase leading down.
Found an escape hatch in the floor.
No target in view!
A hobgoblin comes into view.
A hobgoblin is nearby!
A hobgoblin is nearby!
A hobgoblin is nearby!
A hobgoblin is nearby!
A hobgoblin is nearby!
The hobgoblin closely misses you.
You tentacle-slap the hobgoblin. You grab the hobgoblin.
You squeeze the hobgoblin.
You kill the hobgoblin!
Key pressed, stopping explore.
No target in view!
You see here a +0 ring mail.
A scorpion comes into view.
A scorpion is nearby!
A scorpion is nearby!
A scorpion is nearby!
A scorpion is nearby!
A giant cockroach comes into view.
The helpless giant cockroach fails to defend itself.
You tentacle-slap the giant cockroach. You grab the giant cockroach.
You constrict the giant cockroach.
You kill the giant cockroach!
The scorpion stings you. 😕 HP[-6]
You take 6 damage, and now have 27/33 hp.
You tentacle-slap the scorpion. Your grab misses the scorpion.
Your squeeze misses the scorpion. The scorpion stings you.
You are poisoned.
The scorpion poisons you! 😮 HP[-5]
You take 5 damage, and now have 22/33 hp.
You completely miss the scorpion. You grab the scorpion.
Your squeeze misses the scorpion.
You constrict the scorpion, but do no damage.
You feel very sick. The scorpion stings you.
* * * LOW HITPOINT WARNING * * *
😨 HP[-7]
You take 7 damage, and now have 15/33 hp.
MASSIVE DAMAGE!! (PAUSE)
You tentacle-slap the scorpion. You constrict the scorpion.
You feel sick. The scorpion stings you.
* * * LOW HITPOINT WARNING * * *
The scorpion misses you. 😱 HP[-8]
You take 8 damage, and now have 7/33 hp.
MASSIVE DAMAGE!! (PAUSE)
You tentacle-slap the scorpion but do no damage.
You constrict the scorpion.
* * * LOW HITPOINT WARNING * * *
You feel sick. The scorpion stings you.
* * * LOW HITPOINT WARNING * * *
You are more poisoned.
The scorpion poisons you! 😱 HP[-4]
You take 4 damage, and now have 3/33 hp.
It was a potion of brilliance.
You feel clever all of a sudden.
You constrict the scorpion.
You die...

Skill      XL: |  1  2  3  4 |
---------------+-------------+-----
Stealth        | 2 3 5 6 |  6.9
Fighting       | |  1.0
Dodging        | |  2.0
Unarmed Combat | |  3.0
Shapeshifting  | |  3.0

Action                     |  1- 3 |  4- 6 || total
---------------------------+-------+-------++-------
  Melee: Unarmed           |    69 |    62 ||   131
         Tentacles         |     8 |     6 ||    14
         Constrict         |    16 |    15 ||    31
         Punch             |     1 |     4 ||     5
    Use: Potion            |       |     2 ||     2
   Stab: Sleeping          |    15 |     8 ||    23
         Distracted        |       |     2 ||     2
 Armour: Skin              |    33 |    33 ||    66
  Dodge: Dodged            |    31 |    13 ||    44

Levels and vault maps discovered:
D:1:      lemuel_arrival_river_bridge, layout_loops_corners, minmay_statues_item
D:2:      layout_basic, uniq_robin

Notes
Turn   | Place    | Note
-------+----------+-------------------------------------------
     0 | D:1      | ytrimaz the Octopode Shapeshifter began the quest for the
                  | Orb.
     0 | D:1      | Reached XP level 1. HP: 13/13 MP: 1/1
     0 | D:1      | magus.rc [v1.9.6]
    58 | D:1      | Reached skill level 1 in Stealth
    76 | D:1      | Reached skill level 2 in Stealth
   131 | D:1      | Reached XP level 2. HP: 18/18 MP: 2/2
   256 | D:1      | Reached skill level 3 in Stealth
   370 | D:1      | You pick up a book of Armaments and begin reading...
   370 | D:1      | You add the spells Stone Arrow and Lehudib's Crystal Spear
                  | to your library.
   551 | D:1      | Reached XP level 3. HP: 14/23 MP: 3/3
   686 | D:1      | Reached skill level 4 in Stealth
  1080 | D:2      | Noticed Robin
  1096 | D:2      | Killed Robin
  1097 | D:2      | Reached skill level 5 in Stealth
  1097 | D:2      | Reached XP level 4. HP: 14/28 MP: 4/4
  1438 | D:2      | Reached skill level 6 in Stealth
  1466 | D:2      | Reached XP level 5. HP: 19/33 MP: 5/5
  2086 | D:2      | HP: 7/33 [scorpion (6)]
  2087 | D:2      | HP: 3/33 [scorpion (2)]
  2088 | D:2      | Succumbed to a scorpion's poison

Vanquished Creatures
  2 orc wizards (D:2)
  Robin (D:2)
  4 worms (D:2)
  2 dart slugs (D:1)
  3 orcs (D:2)
  7 bats
  8 endoplasms
  4 giant cockroaches
  6 hobgoblins
  5 kobolds
  3 quokkas
  2 ball pythons (D:1)
  3 frilled lizards
  9 goblins
  2 rats
61 creatures vanquished.

Table legend:
 A = Non-vault XP
 B = Vault XP
 C = Vault XP percentage of total XP
 D = Non-vault monster count
 E = Vault monster count
 F = Vault count percentage of total count
                 A         B        C        D         E       F
            +---------+---------+-------+---------+---------+-------
      Total |     177 |      28 |  13.7 |      53 |       8 |  13.1
            +---------+---------+-------+---------+---------+-------
        D:1 |      53 |       0 |   0.0 |      28 |       0 |   0.0
        D:2 |     124 |      28 |  18.4 |      25 |       8 |  24.2
            +---------+---------+-------+---------+---------+-------

Skill      XL: |  1  2  3  4 |
---------------+-------------+-----
Stealth        | 2 3 5 6 |  6.9
Fighting       | |  1.0
Dodging        | |  2.0
Unarmed Combat | |  3.0
Shapeshifting  | |  3.0

Action                     |  1- 3 |  4- 6 || total
---------------------------+-------+-------++-------
  Melee: Unarmed           |    69 |    62 ||   131
         Tentacles         |     8 |     6 ||    14
         Constrict         |    16 |    15 ||    31
         Punch             |     1 |     4 ||     5
    Use: Potion            |       |     2 ||     2
   Stab: Sleeping          |    15 |     8 ||    23
         Distracted        |       |     2 ||     2
 Armour: Skin              |    33 |    33 ||    66
  Dodge: Dodged            |    31 |    13 ||    44

Illustrated notes

Table legend:
 A = Kills in this place as a percentage of kills in the entire game.
 B = Kills by you in this place as a percentage of kills by you in the entire game.
 C = Kills by friends in this place as a percentage of kills by friends in the entire game.
 D = Other kills in this place as a percentage of other kills in the entire game.
 E = Experience gained in this place as a percentage of experience gained in the entire game.
 F = Experience gained in this place divided by the number of levels of this place that you have seen.
                   A       B       C       D       E      F
               +-------+-------+-------+-------+-------+----------------------
         Total | 100.0 | 100.0 |   N/A |   N/A | 100.0 | 102.5
       Dungeon | 100.0 | 100.0 |   N/A |   N/A | 100.0 | 102.5
               +-------+-------+-------+-------+-------+----------------------

Table legend: (Time is in decaauts)
 A = Elapsed time spent in this place.
 B = Non-inter-level travel time spent in this place.
 C = Inter-level travel time spent in this place.
 D = Time resting spent in this place.
 E = Time spent auto-exploring this place.
 F = Levels seen in this place.
 G = Mean time per level.
                   A        B        C        D        E       F      G
               +--------+--------+--------+--------+--------+-----+--------+
         Total |   2080 |   2048 |     32 |      0 |   1645 |   2 | 1040.0 |
       Dungeon |   2080 |   2048 |     32 |      0 |   1645 |   2 | 1040.0 |
               +--------+--------+--------+--------+--------+-----+--------+

Top non-repeatable levels by time:
     D:2: 1043 daAuts
     D:1: 1037 daAuts
